Map: World of Sleepers LE

Players

Bly - Winner!

  • Race: Zerg Zerg
  • Spawn Location: 1:00

HolyHit

  • Race: Protoss Protoss
  • Spawn Location: 7:00

VOD

Have the link to the VOD?

Description

Time

  • Played on: Sept. 6, 2019, 4:15 p.m.
  • Length: 7:50
Show
View Real Time Build Order
Export as new Build Order

Bly Zerg - Winner!

Build Orders: 3 Hatch before Pool 

Get SALT Encoding   

  12  0:01  Drone  
  13  0:12  Overlord  
  13  0:16  Drone  
  14  0:32  Drone x2  
  16  0:50  Hatchery  
  16  0:53  Drone  
  16  1:14  Hatchery  
  16  1:17  Drone  
  16  1:21  Drone  
  16  1:24  Drone  
  18  1:34  Drone, Extractor  
  18  1:45  Spawning Pool  
  17  1:49  Drone  
  18  1:56  Drone  
  20  2:01  Drone  
  20  2:08  Evolution Chamber  
  20  2:09  Drone  
  22  2:18  Overlord  
  22  2:29  Hatchery  
  21  2:34  Drone x2, Queen  
  25  2:41  Queen  
  27  2:45  Metabolic Boost  
  27  2:51  Zergling x4  
  29  2:53  Zergling x2  
  29  2:56  Zergling x2  
  31  3:00  Zergling x2  
  31  3:03  Overlord  
  31  3:09  Drone x2  
  33  3:14  Queen  
  33  3:18  Zergling x2  
  36  3:26  Zergling x2  
  37  3:28  Zergling x2  
  37  3:29  Zergling x2  
  39  3:35  Zergling x2  
  40  3:49  Drone x4  
  40  3:54  Drone x3  
  46  4:08  Drone x3  
  49  4:12  Overlord x2  
  49  4:15  Overlord  
  49  4:22  Overlord  
  48  4:25  Drone x2  
  50  4:31  Spore Crawler  
  50  4:32  Drone x3  
  50  4:36  Drone x6  
  50  4:37  Drone  
  59  4:38  Queen  
  59  4:41  Spore Crawler  
  59  4:45  Drone x2  
  62  4:48  Drone  
  62  4:49  Drone  
  64  4:52  Unknown  
  64  4:55  Drone x4  
  64  4:58  Spore Crawler  
  64  5:05  Drone x6  
  69  5:09  Extractor  
  69  5:10  Extractor  
  68  5:16  Overlord  
  68  5:20  Extractor  
  67  5:21  Drone  
  67  5:22  Drone x4  
  72  5:33  Overlord x2  
  72  5:34  Overlord  
  72  5:39  Hatchery  
  70  5:52  Roach Warren, Zergling x20  
  79  5:57  Lair  
  79  6:05  Overlord  
  79  6:12  Overlord  
  79  6:13  Drone x2  
  79  6:14  Drone  
  79  6:17  Overlord  
  79  6:18  Overlord  
  81  6:32  Roach x11  
  101  6:40  Roach  
  101  6:44  Roach x4  
  108  6:50  Roach  
  108  6:51  Roach x3  
  115  6:58  Roach x3  
  116  7:11  Roach  
  116  7:12  Roach x4  
  126  7:16  Overlord x2  
  126  7:20  Ravager x7  
  126  7:21  Ravager  
Show
View Real Time Build Order
Export as new Build Order

HolyHit Protoss 

Build Orders: Oracle Opening 

Get SALT Encoding   

  12  0:00  Probe  
  13  0:13  Probe  
  14  0:19  Pylon  
  14  0:24  Probe  
  15  0:33  Probe  
  15  0:41  Gateway, Probe  
  16  0:47  Assimilator  
  17  0:52  Probe  
  18  1:04  Probe  
  19  1:15  Probe  
  20  1:23  Probe  
  20  1:24  Pylon  
  20  1:25  Assimilator  
  20  1:28  Zealot  
  23  1:33  Cybernetics Core  
  23  1:41  Probe  
  23  1:53  Probe  
  24  2:05  Probe  
  25  2:17  Probe, Adept  
  25  2:22  Nexus  
  28  2:34  Warp Gate  
  28  2:37  Pylon  
  28  2:41  Probe  
  29  2:53  Probe  
  29  2:57  Stargate  
  27  3:05  Adept  
  30  3:06  Probe  
  33  3:15  Probe  
  34  3:21  Gateway  
  34  3:23  Probe  
  34  3:32  Probe  
  35  3:35  Shield Battery  
  35  3:36  Stalker  
  35  3:39  Probe  
  39  3:44  Oracle, Probe  
  40  3:54  Probe  
  44  3:59  Probe  
  45  4:06  Probe  
  44  4:13  Probe  
  44  4:15  Robotics Facility  
  45  4:18  Probe  
  45  4:21  Probe  
  45  4:22  Phoenix, Adept  
  45  4:23  Adept  
  52  4:31  Probe  
  54  4:32  Pylon  
  54  4:44  Gateway  
  54  4:46  Assimilator  
  54  4:48  Gateway  
  54  4:49  Assimilator  
  54  4:50  Probe x2  
  56  4:55  Pylon  
  56  4:59  Immortal  
  56  5:03  Probe  
  56  5:05  Probe  
  58  5:13  Gateway, Sentry  
  64  5:15  Oracle, Probe, Sentry  
  67  5:23  Pylon  
  70  5:41  Probe  
  71  5:45  Observer  
  71  5:50  Probe  
  71  5:53  Probe  
  71  5:55  Sentry x2  
  77  6:04  Probe  
  77  6:06  Nexus  
  77  6:09  Pylon  
  78  6:16  Pylon  
  78  6:17  Pylon  
  78  6:19  Pylon  
  78  6:30  Zealot  
  78  6:31  Zealot x2  
  78  6:32  Zealot  
  86  6:38  Zealot  
  81  6:46  Warp Prism  
  66  6:50  Zealot  
  66  6:51  Zealot x2  
  65  6:56  Probe x2  
  67  7:08  Probe x2  
  64  7:09  Zealot  
  66  7:17  Zealot  
  66  7:20  Probe x2  
  62  7:24  Sentry  
  59  7:39  Zealot  
Tags
 
Add a new tag
Caveats
  • Supply blocks, unpowered buildings, or Contaminate may cause inaccurate times.
  • Supply counts are checked every 10 seconds.